 Dungeon Crawl Stone Soup version 0.23.2-1-ga50397a (webtiles) character file.

Game seed: 18113192047468959856

65687 dvd the Cleaver (level 14, -3/111 HPs)
             Began as a Mummy Gladiator on May 2, 2019.
             Was the Champion of Nemelex Xobeh.
             Slain by Snorg (16 damage)
             ... on level 12 of the Dungeon on May 3, 2019.
             The game lasted 01:19:26 (23727 turns).

dvd the Cleaver (Mummy Gladiator)                  Turns: 23727, Time: 01:19:28

Health: -3/111     AC: 24    Str: 21    XL:     14   Next: 76%
Magic:  21/21      EV: 11    Int:  9    God:    Nemelex Xobeh [******]
Gold:   1547       SH:  0    Dex: 21    Spells: 11/13 levels left

rFire    x . .     SeeInvis .   a - +9 hand axe (elec)
rCold    + . .     Gourm    .   (no shield)
rNeg     + + +     Faith    .   i - +0 chain mail
rPois    ∞         Spirit   .   c - +2 helmet
rElec    .         Reflect  .   Z - +2 cloak {rPois}
rCorr    .         Harm     .   G - +2 pair of gloves
MR       +....                  u - +1 pair of boots of Levity {Str+2 Dex+2}
Stlth    ..........             r - amulet of regeneration
HPRegen  0.68/turn              H - +3 ring of slaying
MPRegen  0.17/turn              p - +4 ring of dexterity

@: no status effects
A: no food or potions, fire vulnerability, cold resistance 1, negative energy
resistance 3, torment resistance, unbreathing, in touch with death 1
a: Draw Escape, Draw Destruction, Draw Summoning, Triple Draw, Deal Four, Stack
Five, Renounce Religion


You were on level 12 of the Dungeon.
You worshipped Nemelex Xobeh.
Nemelex Xobeh was exalted by your worship.
You were not hungry.

You visited 4 branches of the dungeon, and saw 21 of its levels.

You collected 2425 gold pieces.
You spent 878 gold pieces at shops.

Inventory:

Hand Weapons
 a - a +9 hand axe of electrocution (weapon)
 q - a +0 broad axe
 s - a +0 hand axe of flaming
 v - a +1 flail of crushing
 I - the +7 dagger "Leviticus" {antimagic, Stlth+}
   (You found it on level 6 of the Lair of Beasts)

   It reduces the magical energy of the wielder, and disrupts the spells and
   magical abilities of those hit.
   Natural abilities and divine invocations are not affected.
   It makes you more stealthy.
 R - a +3 battleaxe of chopping
 T - a +2 long sword of draining
 V - a +2 long sword of distortion
 X - a +0 war axe of chopping
Missiles
 A - 22 tomahawks (quivered)
 J - 3 tomahawks of dispersal
 N - 3 tomahawks of returning
 Q - 10 poisoned tomahawks
 U - 2 silver tomahawks
Armour
 c - a +2 helmet (worn)
 d - a cursed +0 large shield
 i - a +0 chain mail (worn)
 u - the +1 pair of boots of Levity (worn) {Str+2 Dex+2}
   (You found it on level 4 of the Dungeon)

   It affects your strength (+2).
   It affects your dexterity (+2).
 z - a +0 plate armour
 G - a +2 pair of gloves (worn)
 O - a +0 troll leather armour
 W - a cursed +0 shield
 Z - a +2 cloak of poison resistance (worn)
Jewellery
 e - an uncursed ring of wizardry
 k - an uncursed amulet of magic regeneration
 m - a +2 ring of evasion
 p - a +4 ring of dexterity (right hand)
 r - an amulet of regeneration (around neck)
 t - a +6 amulet of reflection
 y - an uncursed ring of resist corrosion
 D - a +2 ring of slaying
 E - an uncursed ring of fire
 H - a +3 ring of slaying (left hand)
Wands
 g - a wand of flame (38)
 l - a wand of paralysis (4)
 n - a wand of acid (16)
 x - a wand of digging (4)
 B - a wand of iceblast (13)
 F - a wand of random effects (46)
 L - a wand of polymorph (7)
 Y - a wand of clouds (4)
Scrolls
 b - 12 scrolls of teleportation
 f - 5 scrolls of remove curse
 h - 2 scrolls of amnesia
 j - 20 scrolls of identify
 o - 3 scrolls of magic mapping
 w - a scroll of enchant armour
 C - a scroll of fog
 K - 3 scrolls of fear
 S - a scroll of blinking


   Skills:
 + Level 10.5 Fighting
 + Level 12.3 Axes
 + Level 8.3 Throwing
 + Level 10.4 Armour
 + Level 4.7 Dodging
 + Level 4.2 Stealth
 * Level 9.4 Invocations
 + Level 1.3 Evocations


You had 11 spell levels left.
You knew the following spells:

 Your Spells              Type           Power        Failure   Level  Hunger
a - Blink                 Tloc           N/A          98%         2    N/A

Your spell library contained the following spells:

 Spells                   Type           Power        Failure   Level  Hunger
 Confusing Touch          Hex            #.....       95%         1    N/A
 Flame Tongue             Conj/Fire      #....        95%         1    N/A
 Magic Dart               Conj           #...         95%         1    N/A
 Sting                    Conj/Pois      #...         95%         1    N/A
 Call Imp                 Summ           #.......     98%         2    N/A
 Ensorcelled Hibernation  Hex/Ice        #.....       98%         2    N/A
 Poisonous Vapours        Pois/Air       #.....       98%         2    N/A
 Slow                     Hex            #.......     98%         2    N/A
 Throw Flame              Conj/Fire      #.....       98%         2    N/A
 Throw Frost              Conj/Ice       #.....       98%         2    N/A
 Confuse                  Hex            #.......     100%        3    N/A
 Conjure Flame            Conj/Fire      #.......     100%        3    N/A
 Gell's Gravitas          Tloc           #.........   100%        3    N/A
 Inner Flame              Hex/Fire       #.......     100%        3    N/A
 Mephitic Cloud           Conj/Pois/Air  #.......     100%        3    N/A
 Iskenderun's Mystic Bla  Conj           #.......     100%        4    N/A
 Olgreb's Toxic Radiance  Pois           #.......     100%        4    N/A
 Petrify                  Tmut/Erth      #.......     100%        4    N/A
 Sticky Flame             Conj/Fire      #.......     100%        4    N/A
 Borgnjor's Vile Clutch   Necr/Erth      #.........   100%        5    N/A
 Fireball                 Conj/Fire      #.........   100%        5    N/A
 Metabolic Englaciation   Hex/Ice        #.........   100%        5    N/A
 Silence                  Hex/Air        #.........   100%        5    N/A
 Venom Bolt               Conj/Pois      #.........   100%        5    N/A
 Yara's Violent Unravell  Hex/Tmut       #.........   100%        5    N/A
 Bolt of Fire             Conj/Fire      #.........   100%        6    N/A
 Darkness                 Hex            #.........   100%        6    N/A
 Freezing Cloud           Conj/Ice/Air   #.........   100%        6    N/A
 Shadow Creatures         Summ           N/A          100%        6    N/A
 Ring of Flames           Chrm/Fire      #.........   100%        7    N/A

Dungeon Overview and Level Annotations

Branches:
Dungeon (12/15)            Temple (1/1) D:6            Lair (6/6) D:8
  Swamp (0/4) Lair:4        Snake (0/4) Lair:4        Slime (0/5) Lair:5
    Orc (2/2) D:9             Elf (0/3) Orc:2

Altars:
Ashenzari
Cheibriados
Dithmenos
Elyvilon
Fedhas
Gozag
Hepliaklqana
Kikubaaqudgha
Makhleb
Nemelex Xobeh
Okawaru
Qazlal
Ru
Sif Muna
Trog
Uskayaw
Vehumet
Wu Jian
Xom
Yredelemnul
Zin
The Shining One
Beogh

Shops:
Orc:2 *?:%

Annotations:
D:6 1 runed translucent door
D:12 Snorg


Innate Abilities, Weirdness & Mutations

You do not eat or drink.
Your flesh is vulnerable to fire.
You are immune to poison.
Your flesh is cold resistant. (rC+)
You are immune to negative energy. (rN+++)
You are immune to unholy pain and torment.
You can survive without breathing.
You are in touch with the powers of death.


Message History

Press: ? - help, Shift-Dir - straight line, f - Snorg
Aim: Snorg (heavily wounded, berserk, fast, unusually strong, poisoned)
The wavering orb of destruction weakly hits Snorg!!!
Snorg is severely wounded.
Snorg bites you!!
* * * LOW HITPOINT WARNING * * *
Snorg claws you.
* * * LOW HITPOINT WARNING * * *
Snorg closely misses you.
Your -2 hand axe of venom hits Snorg.
Snorg looks as sick as possible!
Snorg completely misses your -2 hand axe of venom.
Snorg claws your -2 hand axe of venom.
Snorg claws your -2 hand axe of venom but does no damage.
You strike the helpless Snorg from behind!
You slash Snorg!
Snorg is severely wounded.
Your -2 hand axe of venom hits Snorg!
Snorg closely misses you. Snorg completely misses you. Snorg claws you!
You die...
Your body glows with a rainbow of weird colours and disappears.

####### #8...8#
#.....### ####
#....)(.##########.##
#.....#..............
#.....#.#########..##
#...@(#.# #....#.
#...T.#.# #.##)#.
#.....#.# #.#.)))
#.....#.# #.####.
#.....#.# #......
#.....#.############.
#.....#..............
..(...#############..
#..>...........


You could see Snorg (berserk) and a friendly -2 hand axe of venom.

Vanquished Creatures
  An orc warlord (Orc:2)
  Harold (D:9)
  4 hydras
  4 catoblepae (Lair:6)
  2 shambling mangroves
  4 two-headed ogres (Orc:2)
  3 orc high priests (Orc:2)
  9 death yaks
  2 skeletal warriors (D:9)
  A sea snake (Orc:2)
  A flayed ghost (D:9)
  A necromancer (Lair:4)
  3 orc knights (Orc:2)
  2 cyclopes
  2 oklob plants (Lair:2)
  4 orc sorcerers
  An ugly thing (D:11)
  A manticore (Lair:6)
  9 black mambas
  9 spiny frogs
  Psyche (D:12)
  4 komodo dragons
  3 kobold demonologists (D:11)
  A wandering mushroom (Lair:1)
  7 trolls
  4 polar bears
  2 hornets (Lair:2)
  3 slime creatures (Lair:5)
  14 blink frogs
  13 hippogriffs
  4 dream sheep (Lair:6)
  Eustachio (D:4)
  2 wyverns (Lair:5)
  21 yaks
  A hungry ghost (D:12)
  2 basilisks
  A human (D:11)
  Menkaure (D:5)
  3 wargs (Orc:2)
  12 water moccasins
  9 porcupines
  3 ice beasts
  A phantom (D:7)
  41 orc warriors
  3 sky beasts
  7 black bears
  3 eyes of draining
  3 necrophages
  11 ogres
  6 wolves
  A centaur (D:8)
  7 crocodiles
  8 big kobolds
  20 bullfrogs
  A wyvern zombie (D:8)
  A wyvern skeleton (D:12)
  4 scorpions
  3 killer bees (D:10)
  A howler monkey (D:4)
  4 crimson imps
  A bullfrog zombie (D:12)
  2 hounds
  31 orc priests
  23 orc wizards
  2 bullfrog skeletons
  4 jellies
  3 iguanas
  Jessica (D:3)
  8 worker ants
  5 polar bear simulacra (Lair:4)
  2 wolf simulacra (Lair:4)
  2 yak simulacra (Lair:4)
  2 worker ant zombies
  Robin (D:3)
  14 adders
  2 river rats
  2 shadow imps
  2 adder skeletons
  An adder zombie (D:8)
  A dart slug (D:3)
  3 worms
  9 leopard geckos
  111 orcs
  3 bat zombies (D:5)
  5 giant cockroaches
  19 goblins
  9 hobgoblins
  15 jackals
  30 kobolds
  7 quokkas
  A ball python (D:3)
  12 bats
  3 frilled lizards
  A jackal skeleton (D:6)
  A jackal zombie (D:6)
  A quokka skeleton (D:4)
  10 rats
  2 river rat simulacra (Lair:4)
  5 fungi
  7 plants
664 creatures vanquished.

Vanquished Creatures (collateral kills)
  A hydra (Lair:3)
  3 skeletal warriors (D:9)
  A manticore (Lair:6)
  Maurice (Orc:1)
  A torpor snail (Lair:6)
  2 polar bears
  Grinder (D:5)
  A hornet (Lair:2)
  2 hippogriffs (Lair:4)
  7 yaks (Lair:6)
  A warg (Orc:2)
  A water moccasin (Lair:4)
  A phantom (D:6)
  An ice beast (D:8)
  3 orc warriors
  3 wolves (Lair:3)
  A bullfrog zombie (D:9)
  2 orc priests
  3 orcs
36 creatures vanquished.

Vanquished Creatures (others)
  A troll (D:9)
  The ghost of schauveau the Archer, an amateur CeHu (D:5)
  A wyvern (D:9)
  The ghost of Karim the Chopper, an amateur HOFi (D:5)
  An acid dragon (Lair:2)
  A floating eye (Lair:1)
  An orc warrior (Orc:2)
  An orc priest (Orc:2)
  A shadow imp (D:9)
  2 ball lightnings
  3 orcs
  A kobold (D:9)
  3 fungi
  6 plants
24 creatures vanquished.

Grand Total: 724 creatures vanquished

Notes
Turn   | Place    | Note
-------+----------+-------------------------------------------
     0 | D:1      | dvd the Mummy Gladiator began the quest for the Orb.
     0 | D:1      | Reached XP level 1. HP: 16/16 MP: 1/1
   356 | D:1      | Reached XP level 2. HP: 20/22 MP: 2/2
   710 | D:2      | Reached skill level 3 in Axes
   710 | D:2      | Reached XP level 3. HP: 23/27 MP: 3/3
  1020 | D:2      | Reached XP level 4. HP: 34/34 MP: 4/4
  1023 | D:2      | Reached skill level 1 in Armour
  1279 | D:2      | Found a blossoming altar of Fedhas.
  1342 | D:2      | Reached XP level 5. HP: 39/39 MP: 5/5
  1740 | D:3      | Noticed Jessica
  1746 | D:3      | Killed Jessica
  1766 | D:3      | Found a sparkling altar of Nemelex Xobeh.
  1931 | D:3      | Reached skill level 4 in Axes
  1955 | D:3      | Found a sparkling altar of Nemelex Xobeh.
  2095 | D:3      | Noticed Robin
  2114 | D:3      | Killed Robin
  2114 | D:3      | Reached XP level 6. HP: 21/47 MP: 6/6
  2713 | D:3      | Found a faded altar of an unknown god.
  2713 | D:3      | Found a basalt altar of Yredelemnul.
  2726 | D:3      | Found a faded altar of an unknown god.
  2728 | D:3      | Became a worshipper of Nemelex Xobeh the Trickster
  2728 | D:3      | Received a gift from Nemelex Xobeh
  2728 | D:3      | Reached * piety under Nemelex Xobeh
  2728 | D:3      | Received a gift from Nemelex Xobeh
  2733 | D:3      | Found a hide-covered altar of Uskayaw.
  2734 | D:3      | Found an ornate altar of the Wu Jian Council.
  2861 | D:4      | Found a stormy altar of Qazlal.
  3033 | D:4      | Noticed Eustachio
  3039 | D:4      | Killed Eustachio
  3047 | D:4      | Reached skill level 5 in Axes
  3047 | D:4      | Reached XP level 7. HP: 42/52 MP: 7/7
  3164 | D:4      | Reached ** piety under Nemelex Xobeh
  3164 | D:4      | Received a gift from Nemelex Xobeh
  3403 | D:4      | Got a pair of pitted boots
  3409 | D:4      | Identified the +1 pair of boots of Levity {Str+2 Dex+2}
                  | (You found it on level 4 of the Dungeon)
  4125 | D:5      | Entered Level 5 of the Dungeon
  4175 | D:5      | Found an ancient bone altar of Kikubaaqudgha.
  4279 | D:5      | Noticed Grinder
  4302 | D:5      | Killed Grinder
  4418 | D:5      | Noticed Menkaure
  4424 | D:5      | Found a glowing silver altar of Zin.
  4432 | D:5      | Killed Menkaure
  4432 | D:5      | Reached skill level 6 in Axes
  4438 | D:5      | Reached XP level 8. HP: 13/60 MP: 8/8
  4444 | D:5      | Found an opulent altar of Gozag.
  4498 | D:5      | You fall through a shaft for 2 floors!
  5361 | D:5      | Received a gift from Nemelex Xobeh
  5363 | D:5      | Found a runed translucent gate.
  5367 | D:5      | Found a runed translucent gate.
  5374 | D:5      | Found a runed translucent gate.
  5374 | D:5      | Noticed schauveau's ghost (amateur CeHu)
  5374 | D:5      | Noticed Karim's ghost (amateur HOFi)
  5493 | D:5      | Reached *** piety under Nemelex Xobeh
  5733 | D:6      | Reached skill level 7 in Axes
  5983 | D:6      | Found a staircase to the Ecumenical Temple.
  5999 | Temple   | Entered the Ecumenical Temple
  6462 | D:6      | Reached skill level 5 in Fighting
  6462 | D:6      | Reached XP level 9. HP: 17/68 MP: 9/9
  6802 | D:6      | Found a white marble altar of Elyvilon.
  6802 | D:6      | Found a runed translucent door.
  6802 | D:6      | Noticed an angel
  6820 | D:6      | Received a gift from Nemelex Xobeh
  7266 | D:7      | Reached skill level 5 in Armour
  7266 | D:7      | Reached skill level 1 in Stealth
  7518 | D:8      | Reached skill level 8 in Axes
  7614 | D:8      | Found a staircase to the Lair.
  7719 | D:8      | Reached **** piety under Nemelex Xobeh
  7719 | D:8      | Received a gift from Nemelex Xobeh
  8398 | D:8      | Reached XP level 10. HP: 71/77 MP: 10/10
  8428 | D:9      | Found a snail-covered altar of Cheibriados.
  8464 | D:9      | Noticed a flayed ghost
  8466 | D:9      | Found a transporter.
  8468 | D:9      | Found a shattered altar of Ashenzari.
  8470 | D:9      | Noticed a cyclops
  8509 | D:9      | Reached skill level 1 in Invocations
  8511 | D:9      | Noticed a skeletal warrior
  8514 | D:9      | Noticed a skeletal warrior
  8516 | D:9      | Noticed a skeletal warrior
  8517 | D:9      | Noticed a skeletal warrior
  8518 | D:9      | Killed a skeletal warrior
  8524 | D:9      | Noticed a skeletal warrior
  8525 | D:9      | Killed a skeletal warrior
  8528 | D:9      | Killed a skeletal warrior
  8528 | D:9      | Reached skill level 9 in Axes
  8533 | D:9      | Killed a skeletal warrior
  8570 | D:9      | Killed a skeletal warrior
  8671 | D:9      | Found a transporter.
  8734 | D:9      | Received a gift from Nemelex Xobeh
  8874 | D:9      | Noticed Harold
  8896 | D:9      | Killed Harold
  8915 | D:9      | Reached XP level 11. HP: 24/84 MP: 13/13
  9029 | D:9      | Found a burning altar of Makhleb.
  9041 | D:9      | Found a shimmering altar of Xom.
  9131 | D:9      | Found a staircase to the Orcish Mines.
  9418 | D:9      | Received a gift from Nemelex Xobeh
  9603 | Lair:1   | Entered Level 1 of the Lair of Beasts
  9680 | Lair:1   | Reached ***** piety under Nemelex Xobeh
  9688 | Lair:1   | Noticed an oklob plant
  9690 | Lair:1   | an oklob plant changed into a wandering mushroom
  9691 | Lair:1   | Noticed an oklob plant
 10006 | Lair:1   | Learned a level 2 spell: Blink
 10282 | Lair:2   | Found an ancient bone altar of Kikubaaqudgha.
 10284 | Lair:2   | Received a gift from Nemelex Xobeh
 10337 | Lair:2   | Noticed an oklob plant
 10689 | Lair:2   | Reached skill level 5 in Throwing
 10731 | Lair:2   | Reached skill level 10 in Axes
 10849 | Lair:2   | Received a gift from Nemelex Xobeh
 10984 | Lair:2   | Received a gift from Nemelex Xobeh
 11543 | Lair:3   | Received a gift from Nemelex Xobeh
 11550 | Lair:3   | Noticed an eight-headed hydra
 11558 | Lair:3   | Identified the -2 hand axe of Fedhas's Supremacy {venom,
                  | +Blink rPois rN+ Dex-2}
 11561 | Lair:3   | Identified the -1 long sword of the Beginning {flame,
                  | Fragile rElec Str-5 Int+8}
 11563 | Lair:3   | Killed a ten-headed hydra
 11563 | Lair:3   | Reached skill level 5 in Invocations
 11653 | Lair:3   | Noticed a six-headed hydra
 11666 | Lair:3   | Killed a five-headed hydra
 11670 | Lair:3   | Reached XP level 12. HP: 59/93 MP: 15/15
 12032 | Lair:3   | Received a gift from Nemelex Xobeh
 12656 | Lair:4   | Found a staircase to the Snake Pit.
 12719 | Lair:4   | Found a staircase to the Swamp.
 12780 | Lair:4   | Received a gift from Nemelex Xobeh
 13091 | Lair:4   | Got a slimy short sword
 13092 | Lair:4   | Identified the cursed +1 short sword "Geckug" {vamp, Int+4}
                  | (You found it on level 4 of the Lair of Beasts)
 13247 | Lair:4   | Reached ****** piety under Nemelex Xobeh
 13841 | D:5      | Killed schauveau's ghost
 13841 | D:5      | Killed Karim's ghost
 14201 | Lair:1   | Noticed a shambling mangrove
 14201 | Lair:1   | an oklob plant changed into a shambling mangrove
 14219 | Lair:1   | Identified the -2 hand axe "Cizokun" {chop, rF+ Stlth+}
 14223 | Lair:1   | Killed a shambling mangrove
 14520 | Lair:2   | Noticed a shambling mangrove
 14520 | Lair:2   | an oklob plant changed into a shambling mangrove
 14642 | Lair:2   | Killed a shambling mangrove
 14757 | Lair:2   | Reached skill level 1 in Evocations
 14759 | Lair:2   | Identified the Compendium of Conjuration
 15068 | Lair:5   | Received a gift from Nemelex Xobeh
 15442 | Lair:5   | Found a staircase to the Slime Pits.
 15514 | Lair:5   | Gained mutation: You are in touch with the powers of death.
                  | [Mummy growth]
 15514 | Lair:5   | Reached XP level 13. HP: 86/100 MP: 18/18
 15746 | Lair:5   | Received a gift from Nemelex Xobeh
 15963 | Lair:6   | Entered Level 6 of the Lair of Beasts
 15978 | Lair:6   | Reached skill level 11 in Axes
 16846 | Lair:6   | Received a gift from Nemelex Xobeh
 17044 | Lair:6   | Received a gift from Nemelex Xobeh
 17504 | Lair:6   | Got a dazzling dagger
 17505 | Lair:6   | Identified the +7 dagger "Leviticus" {antimagic, Stlth+}
                  | (You found it on level 6 of the Lair of Beasts)
 18294 | D:10     | Entered Level 10 of the Dungeon
 18528 | D:10     | Reached XP level 14. HP: 106/109 MP: 20/20
 18628 | D:10     | Received a gift from Nemelex Xobeh
 19453 | D:11     | Received a gift from Nemelex Xobeh
 19501 | D:11     | Reached skill level 10 in Armour
 20179 | Orc:1    | Entered Level 1 of the Orcish Mines
 20181 | Orc:1    | Received a gift from Nemelex Xobeh
 20220 | Orc:1    | Found a roughly hewn altar of Beogh.
 20302 | Orc:2    | Entered Level 2 of the Orcish Mines
 20516 | Orc:2    | Received a gift from Nemelex Xobeh
 20884 | Orc:2    | Found a staircase to the Elven Halls.
 20956 | Orc:2    | Reached skill level 10 in Fighting
 21137 | Orc:2    | Found a roughly hewn altar of Beogh.
 21156 | Orc:2    | Reached skill level 12 in Axes
 21229 | Orc:2    | Found Juddirche's Magic Scroll Emporium.
 21246 | Orc:2    | Bought a scroll of enchant armour for 105 gold pieces
 21246 | Orc:2    | Bought a scroll of enchant armour for 105 gold pieces
 21246 | Orc:2    | Bought a scroll of teleportation for 42 gold pieces
 21313 | Orc:2    | Found Reutwov's Assorted Antiques.
 21338 | Orc:2    | Bought a scroll of blinking for 157 gold pieces
 21338 | Orc:2    | Bought 2 scrolls of enchant weapon for 315 gold pieces
 21562 | Orc:2    | Received a gift from Nemelex Xobeh
 21589 | Orc:2    | Noticed an orc warlord
 21626 | Orc:2    | Killed an orc warlord
 21656 | Orc:2    | Found Zubeburch's Food Shoppe.
 21694 | Orc:2    | Found a roughly hewn altar of Beogh.
 21847 | Orc:2    | Found Lamuif's Book Emporium.
 22306 | Orc:1    | Noticed Maurice
 22318 | Orc:1    | Killed Maurice
 22572 | Orc:2    | Bought a twisted iron ring for 105 gold pieces
 22587 | Orc:2    | Bought a scroll of fear for 49 gold pieces
 22741 | D:12     | Received a gift from Nemelex Xobeh
 23089 | D:12     | Received a gift from Nemelex Xobeh
 23359 | D:12     | Noticed Psyche
 23362 | D:12     | Killed Psyche
 23671 | D:12     | Received a gift from Nemelex Xobeh
 23714 | D:12     | Noticed Snorg
 23727 | D:12     | Slain by Snorg

Skill      XL: |  1  2  3  4  5  6  7  8  9 10 11 12 13 14 |
---------------+-------------------------------------------+-----
Axes           | 3 4 5 6 7 8 9 10 11 12 | 12.3
Armour         | 1 2 3 4 5 6 7 9 10 | 10.4
Fighting       | 3 4 5 6 7 8 9 10 | 10.5
Dodging        | 3 4 |  4.7
Throwing       | 2 4 5 6 7 8 |  8.3
Stealth        | 1 2 3 4 |  4.2
Invocations    | 3 5 6 8 9 |  9.4
Evocations     | 1 |  1.3

Action                   |  1- 3 |  4- 6 |  7- 9 | 10-12 | 13-15 || total
-------------------------+-------+-------+-------+-------+-------++-------
Melee: Hand axe          |    70 |   174 |   315 |   427 |   608 ||  1594
       War axe           |     3 |       |    10 |       |       ||    13
Throw: Throwing net      |       |     8 |     1 |     3 |       ||    12
       Tomahawk          |       |     1 |    22 |   168 |   163 ||   354
 Abil: Draw Destruction  |       |     1 |     5 |    35 |    25 ||    66
       Draw Summoning    |       |       |     3 |     9 |     8 ||    20
       Draw Escape       |       |       |     3 |     9 |    10 ||    22
Evoke: Wand              |       |       |       |    22 |       ||    22
  Use: Scroll            |       |       |    12 |     5 |     9 ||    26
 Stab: Distracted        |       |       |     1 |     1 |     2 ||     4
       Confused          |       |       |     1 |       |       ||     1
       Petrifying        |       |       |       |     1 |     1 ||     2
       Paralysed         |       |       |       |     8 |       ||     8
       Petrified         |       |       |       |       |     6 ||     6
Armor: Ring mail         |     2 |       |       |       |       ||     2
       Leather armour    |     1 |       |       |       |       ||     1
       Chain mail        |    29 |   100 |   167 |   253 |   264 ||   813
Dodge: Dodged            |    47 |    77 |   159 |   230 |   290 ||   803
Block: Other             |       |     1 |    43 |       |       ||    44
